Map: Disco Bloodbath LE

Players

Raidergx

  • Race: Protoss Protoss
  • League: Bronze
  • Spawn Location: 9:00

Djorn - Winner!

  • Race: Protoss Protoss
  • League: Bronze
  • Spawn Location: 3:00

VOD

Have the link to the VOD?

Description

Time

  • Played on: Aug. 25, 2019, 4:52 p.m.
  • Length: 17:00
Show
View Real Time Build Order
Export as new Build Order

Raidergx Protoss 

Build Orders:  

Get SALT Encoding   

  12  0:03  Probe  
  13  0:19  Pylon  
  13  0:21  Probe  
  14  0:41  Forge  
  14  0:46  Probe  
  15  1:11  Probe  
  16  1:21  Photon Cannon  
  16  1:24  Photon Cannon, Probe  
  17  1:42  Pylon  
  17  2:11  Gateway  
  17  2:26  Probe  
  18  2:38  Probe  
  19  2:45  Nexus  
  19  2:50  Probe, Assimilator  
  20  3:02  Probe  
  21  3:07  Pylon  
  21  3:25  Cybernetics Core, Probe  
  22  3:28  Zealot  
  24  3:37  Probe  
  24  3:40  Assimilator  
  25  3:44  Pylon  
  25  3:49  Probe  
  26  4:01  Probe  
  27  4:06  Photon Cannon  
  27  4:09  Photon Cannon  
  27  4:19  Probe  
  28  4:27  Probe  
  28  4:28  Stalker  
  30  4:37  Probe  
  32  4:49  Probe  
  33  4:53  Gateway  
  33  4:55  Gateway  
  33  4:57  Gateway  
  33  5:01  Probe  
  33  5:02  Photon Cannon  
  33  5:03  Photon Cannon  
  33  5:05  Photon Cannon  
  34  5:31  Warp Gate  
  34  5:45  Stalker  
  36  6:01  Probe  
  37  6:13  Stargate, Probe  
  38  6:25  Probe  
  37  6:37  Probe  
  38  6:40  Probe  
  38  6:47  Pylon, Void Ray  
  38  6:49  Probe  
  38  6:52  Probe  
  44  7:01  Probe  
  44  7:04  Probe  
  46  7:13  Probe  
  47  7:35  Void Ray  
  51  7:41  Protoss Ground Weapons Level 1  
  51  7:42  Zealot x2  
  51  7:43  Zealot x2  
  59  7:58  Probe  
  59  8:04  Zealot  
  62  8:14  Pylon  
  62  8:21  Nexus  
  62  8:32  Probe  
  63  8:37  Assimilator  
  63  8:39  Assimilator  
  63  8:40  Pylon  
  63  8:42  Void Ray  
  63  8:44  Probe  
  68  8:49  Pylon  
  68  8:52  Pylon  
  68  8:53  Zealot  
  70  8:58  Probe  
  71  9:04  Pylon  
  71  9:15  Zealot  
  71  9:16  Zealot x2  
  77  9:17  Zealot  
  79  9:29  Probe  
  80  9:41  Probe  
  80  9:42  Zealot  
  80  9:43  Zealot x2  
  87  9:50  Protoss Ground Armor Level 1  
  87  9:53  Probe  
  88  10:05  Probe  
  77  10:17  Probe  
  68  10:25  Void Ray  
  68  10:32  Stalker x2  
  68  10:33  Stalker  
  68  10:34  Stalker  
  68  10:35  Probe  
  77  10:43  Probe  
  78  10:52  Probe  
  78  10:56  Stalker  
  81  10:57  Stalker  
  81  10:58  Void Ray, Stalker x2  
  87  11:04  Probe  
  92  11:16  Probe  
  93  11:22  Stalker x2  
  93  11:23  Stalker  
  93  11:24  Stalker  
  101  11:27  Nexus  
  101  11:28  Probe  
  102  11:40  Void Ray  
  102  11:41  Probe  
  102  11:46  Stalker  
  109  11:47  Stalker  
  109  11:48  Protoss Shields Level 1, Stalker  
  109  11:49  Stalker  
  109  11:53  Probe  
  116  12:05  Probe  
  115  12:17  Probe  
  82  12:51  Void Ray  
  86  13:13  Zealot  
  86  13:14  Zealot x2  
  86  13:15  Zealot  
  86  13:18  Probe  
  95  13:24  Void Ray  
  95  13:31  Probe  
  96  13:34  Twilight Council  
  100  13:43  Probe  
  100  13:47  Probe  
  102  13:54  Zealot  
  102  13:55  Probe, Zealot  
  107  13:56  Zealot x2  
  107  13:59  Probe  
  112  14:11  Probe  
  112  14:12  Void Ray  
  85  14:50  Zealot x2  
  85  14:51  Zealot  
  37  15:36  Photon Cannon  
  37  15:40  Photon Cannon  
  37  15:41  Forge  
  37  15:42  Photon Cannon  
  22  16:19  Photon Cannon  
  22  16:23  Photon Cannon  
  22  16:24  Zealot  
  22  16:25  Photon Cannon  
  24  16:46  Pylon  
Show
View Real Time Build Order
Export as new Build Order

Djorn Protoss - Winner!

Build Orders:  

Get SALT Encoding   

  12  0:03  Probe  
  13  0:19  Pylon  
  13  0:23  Probe  
  14  0:35  Probe  
  15  0:44  Gateway  
  15  0:52  Probe  
  16  1:01  Probe  
  16  1:09  Probe  
  16  1:11  Assimilator  
  18  1:19  Probe  
  18  1:20  Gateway  
  19  1:32  Cybernetics Core  
  18  2:51  Probe  
  18  2:54  Nexus  
  18  2:56  Pylon  
  19  3:03  Probe  
  19  3:04  Pylon  
  20  3:10  Warp Gate, Stalker  
  22  3:23  Probe  
  23  3:31  Probe  
  23  3:34  Assimilator  
  23  3:40  Probe  
  24  3:43  Zealot  
  25  3:50  Zealot  
  25  3:52  Probe  
  30  4:04  Probe  
  32  4:17  Zealot  
  32  4:20  Stalker  
  34  4:28  Probe  
  34  4:36  Probe  
  35  4:41  Stargate  
  36  4:46  Probe  
  36  4:48  Probe  
  38  4:56  Probe  
  38  4:58  Probe  
  39  5:02  Stalker x2  
  39  5:05  Probe  
  44  5:10  Probe  
  44  5:13  Assimilator  
  46  5:16  Assimilator  
  46  5:17  Probe  
  46  5:18  Probe  
  46  5:19  Oracle  
  47  5:26  Probe  
  48  5:29  Probe  
  53  5:36  Probe  
  54  5:52  Pylon  
  54  5:56  Pylon  
  54  5:59  Pylon  
  54  6:03  Pylon  
  54  6:10  Probe  
  55  6:21  Nexus  
  52  6:46  Pylon  
  52  6:50  Zealot x2  
  56  7:12  Robotics Facility  
  56  7:20  Probe  
  57  7:23  Twilight Council  
  57  7:33  Probe  
  58  7:45  Probe x2  
  60  7:57  Gateway, Probe  
  61  7:59  Gateway  
  61  8:04  Pylon  
  61  8:07  Pylon  
  61  8:09  Probe  
  61  8:10  Pylon  
  62  8:21  Probe  
  62  8:24  Immortal, Stalker x2  
  62  8:26  Fleet Beacon  
  67  8:31  Templar Archives  
  67  8:33  Probe  
  72  8:35  Pylon  
  72  8:39  Pylon  
  72  8:41  Pylon  
  72  8:58  Forge  
  72  8:59  Forge  
  72  9:00  Zealot x2  
  72  9:01  Zealot x2  
  72  9:02  Forge  
  80  9:03  Immortal  
  84  9:14  Gateway  
  84  9:16  Gateway  
  84  9:19  Gateway  
  84  9:21  Gateway  
  84  9:24  Stargate  
  84  9:34  Stargate  
  84  9:35  Protoss Ground Armor Level 1, Protoss Ground Weapons Level 1  
  84  9:36  Protoss Shields Level 1  
  84  9:37  Probe  
  85  9:42  Immortal  
  89  9:50  Probe  
  90  9:57  Charge  
  90  10:02  Probe  
  87  10:08  Zealot x4  
  87  10:14  Probe  
  86  10:26  Probe  
  86  10:27  Zealot x3  
  86  10:28  Zealot x5  
  103  10:40  Tempest x3  
  118  10:46  Warp Prism  
  120  10:52  Stalker  
  120  10:53  Stalker  
  124  11:12  Warp Prism  
  124  11:23  Tempest  
  131  11:33  Tempest  
  131  11:34  Tempest  
  131  11:37  Resonating Glaives  
  141  11:45  Observer  
  142  12:00  Immortal  
  146  12:13  Zealot x4  
  146  12:14  Zealot  
  134  12:39  Immortal  
  134  12:46  Stalker x2  
  134  12:47  Stalker x4  
  134  12:48  Stalker x2  
  140  13:00  Tempest  
  145  13:08  Blink  
  145  13:14  Stalker  
  145  13:15  Stalker x5  
  157  13:23  Pylon  
  157  13:26  Pylon  
  157  13:27  Pylon  
  157  13:30  Pylon  
  157  13:42  Immortal  
  159  14:33  Stalker x5  
  159  14:34  Stalker x3  
  147  15:38  Zealot  
  147  15:39  Zealot x4  
  147  15:40  Zealot x3  
Tags
 
Matchup
PvP
Replay Pack
sc2replays
Spawn Locations
Cross Positions
Add a new tag
Caveats
  • Supply blocks, unpowered buildings, or Contaminate may cause inaccurate times.
  • Supply counts are checked every 10 seconds.